 Dungeon Crawl Stone Soup version 0.23.2-1-ga50397a (webtiles) character file.

Game seed: 10725338893663453364

1329 mopl the Grappler (level 8, -2/59 HPs)
             Began as a Minotaur Transmuter on May 11, 2019.
             Slain by an unseen horror (6 damage)
             ... on level 7 of the Dungeon.
             The game lasted 00:09:38 (7159 turns).

mopl the Grappler (Minotaur Transmuter)             Turns: 7159, Time: 00:09:40

Health: -2/59      AC:  2    Str: 15    XL:     8   Next: 34%
Magic:  5/10       EV: 20    Int: 12    God:
Gold:   395        SH:  5    Dex: 16    Spells: 1/11 levels left

rFire    . . .     SeeInvis .     - Unarmed
rCold    . . .     Gourm    .   (shield currently unavailable)
rNeg     . . .     Faith    .   (armour currently unavailable)
rPois    x         Spirit   .   (helmet currently unavailable)
rElec    .         Reflect  +   (cloak currently unavailable)
rCorr    .         Harm     .   (gloves currently unavailable)
MR       .....     Rnd*Tele +   (boots currently unavailable)
Stlth    ..........             E - +5 amulet of reflection
HPRegen  0.19/turn              c - ring of teleportation (curse)
MPRegen  0.12/turn              u - ring of attention (curse)

@: spider-form, very slightly contaminated
A: tiny, (retaliatory headbutt)
a: End Transformation


You were on level 7 of the Dungeon.
You were hungry.
You were a venomous arachnid creature.
You visited 2 branches of the dungeon, and saw 8 of its levels.

You collected 395 gold pieces.

Inventory:

Hand Weapons
 b - a +0 hunting sling
Missiles
 a - 94 arrows
 g - 196 stones
 m - 52 sling bullets
 r - 7 poisoned tomahawks (quivered)
 v - 15 poisoned needles
Armour
 B - a +1 leather armour of magic resistance (melded)
 F - a +0 cloak (melded)
Jewellery
 c - a cursed ring of teleportation (left front leg)
 u - a cursed ring of attention (right front leg)
 C - an uncursed ring of poison resistance {unknown}
 E - a +5 amulet of reflection (around neck)
Wands
 i - a wand of flame (22)
 x - a wand of paralysis (8)
Scrolls
 e - a scroll of magic mapping {unknown}
 n - 2 scrolls of teleportation
 o - a scroll of noise {unknown}
 p - a scroll of blinking {unknown}
 s - a scroll of immolation {unknown}
 t - 2 scrolls of fear {unknown}
 w - 2 scrolls of remove curse {unknown}
 y - 3 scrolls of identify
 A - a scroll of fog {unknown}
 D - a scroll of enchant weapon {unknown}
 H - a scroll of amnesia {unknown}
Potions
 f - 4 potions of curing
 h - 2 potions of brilliance
 j - a potion of agility
 k - 3 potions of lignification {!q}
 l - a potion of magic
 q - 4 potions of haste
 z - 2 potions of might
Comestibles
 d - 7 rations
 G - a chunk of flesh


   Skills:
 - Level 1.2 Fighting
 - Level 2.1 Dodging
 + Level 8.0 Unarmed Combat
 - Level 2.0 Spellcasting
 + Level 5.7 Transmutations
 + Level 1.8 Ice Magic
 - Level 1.0 Poison Magic


You had one spell level left.
You knew the following spells:

 Your Spells              Type           Power        Failure   Level  Hunger
a - Beastly Appendage     Tmut           ###...       10%         1    ##.....
b - Spider Form           Tmut/Pois      #.........   41%         3    ####...
d - Ice Form              Ice/Tmut       ##......     71%         4    #####..
w - Sticks to Snakes      Tmut           ###.....     12%         2    ###....

Your spell library contained the following spells:

 Spells                   Type           Power        Failure   Level  Hunger
 Blade Hands              Tmut           ###.......   77%         5    ######.


Dungeon Overview and Level Annotations

Branches:
Dungeon (7/15)             Temple (1/1) D:7

Altars:
Ashenzari
Elyvilon
Fedhas
Gozag
Hepliaklqana
Kikubaaqudgha
Makhleb
Nemelex Xobeh
Okawaru
Qazlal
Ru
Sif Muna
Trog
Uskayaw
Wu Jian
Xom
Zin
The Shining One


Innate Abilities, Weirdness & Mutations

((You reflexively headbutt those who attack you in melee.))
((You have a pair of horns on your head.))


Message History

Your +0 cloak melds into your body.
Your +1 leather armour of magic resistance melds into your body.
You feel less resistant to hostile enchantments.
Something hits you! Something hits you. Something hits you! Something hits you!
* * * LOW HITPOINT WARNING * * *
You feel better. Something hits you.
* * * LOW HITPOINT WARNING * * *
You hit something. Something closely misses you.
You swing at nothing.
Something barely misses you.
You swing at nothing.
Something hits you.
* * * LOW HITPOINT WARNING * * *
You barely miss something. Something barely misses you. Something hits you.
* * * LOW HITPOINT WARNING * * *
You barely miss something. Something hits you.
* * * LOW HITPOINT WARNING * * *
Something hits you.
You die...

.....#.....[#### +#
.....#......#######..
##...##..........##...
#.....#....##.##.##.##
#.....#+####.........#
#.....#...............
##...##....#..⌠...⌠..#
##.##.....#.........#
#..s..........>.....
#####'##.#.........#
#.##.#..⌠...⌠..#
#.##............
#.##.#.........#
#.##.##.##.##.##
#.##.......##..#
#.############.# #.#
.#


There were no monsters in sight!

Vanquished Creatures
  Grinder (D:5)
  A sky beast (D:5)
  2 ogres
  2 centaurs
  A centaur zombie (D:5)
  3 hounds
  An orc priest (D:5)
  Crazy Yiuf (D:6)
  3 orc wizards
  Jessica (D:2)
  Terence (D:2)
  2 iguanas
  3 worker ants
  3 adders
  4 oozes
  An adder zombie (D:7)
  An adder skeleton (D:4)
  2 worms
  5 dart slugs
  4 leopard geckos
  19 orcs
  7 bats
  9 giant cockroaches
  7 hobgoblins
  8 jackals (D:1)
  4 quokkas
  2 ball pythons
  7 frilled lizards
  6 goblins
  5 kobolds
  2 quokka skeletons
  8 rats
126 creatures vanquished.

Vanquished Creatures (collateral kills)
  A hungry ghost (D:6)
1 creature vanquished.

Grand Total: 127 creatures vanquished

Notes
Turn   | Place    | Note
-------+----------+-------------------------------------------
     0 | D:1      | mopl the Minotaur Transmuter began the quest for the Orb.
     0 | D:1      | Reached XP level 1. HP: 16/16 MP: 1/1
     1 | D:1      | Found a runed translucent door.
    19 | D:1      | Reached XP level 2. HP: 7/23 MP: 0/3
   286 | D:1      | Reached skill level 2 in Transmutations
   608 | D:2      | Learned a level 2 spell: Sticks to Snakes
   625 | D:1      | Reached XP level 3. HP: 27/28 MP: 4/4
   778 | D:1      | Reached skill level 4 in Unarmed Combat
   906 | D:1      | Reached skill level 2 in Spellcasting
   911 | D:1      | Learned a level 3 spell: Spider Form
  1316 | D:1      | Reached XP level 4. HP: 35/35 MP: 6/6
  1473 | D:2      | Noticed Jessica
  1486 | D:2      | Killed Jessica
  1725 | D:2      | Reached skill level 1 in Poison Magic
  1762 | D:2      | Noticed Terence
  1768 | D:2      | Killed Terence
  1768 | D:2      | Reached XP level 5. HP: 31/40 MP: 3/7
  2609 | D:3      | Reached skill level 3 in Transmutations
  2624 | D:3      | Reached skill level 5 in Unarmed Combat
  3260 | D:3      | Found a sacrificial altar of Ru.
  3681 | D:4      | Reached XP level 6. HP: 36/47 MP: 4/8
  4006 | D:4      | Found a blossoming altar of Fedhas.
  4188 | D:4      | Found an ornate altar of the Wu Jian Council.
  4244 | D:4      | Found an iron altar of Okawaru.
  4421 | D:4      | Found a hazy altar of Hepliaklqana.
  4625 | D:5      | Entered Level 5 of the Dungeon
  4653 | D:5      | Reached skill level 4 in Transmutations
  4659 | D:5      | Reached skill level 6 in Unarmed Combat
  5066 | D:5      | Reached XP level 7. HP: 12/52 MP: 2/9
  5732 | D:5      | Noticed Grinder
  5738 | D:5      | Paralysed by Grinder for 4 turns
  5749 | D:5      | Killed Grinder
  5749 | D:5      | Reached skill level 7 in Unarmed Combat
  5749 | D:5      | Reached skill level 5 in Transmutations
  6028 | D:5      | Learned a level 4 spell: Ice Form
  6375 | D:6      | Reached XP level 8. HP: 54/59 MP: 6/10
  6424 | D:6      | Reached skill level 1 in Ice Magic
  6675 | D:6      | Found a white marble altar of Elyvilon.
  6675 | D:6      | Found a glowing golden altar of the Shining One.
  6676 | D:6      | Found a glowing silver altar of Zin.
  6791 | D:6      | Found a hide-covered altar of Uskayaw.
  6944 | D:6      | Found a runed translucent door.
  6945 | D:6      | Noticed Crazy Yiuf
  6951 | D:6      | Killed Crazy Yiuf
  7008 | D:7      | Reached skill level 8 in Unarmed Combat
  7017 | D:7      | Found a staircase to the Ecumenical Temple.
  7034 | Temple   | Entered the Ecumenical Temple
  7159 | D:7      | Slain by an unseen horror

Skill      XL: |  1  2  3  4  5  6  7  8 |
---------------+-------------------------+-----
Transmutations | 2 3 4 5 |  5.7
Unarmed Combat | 4 5 6 7 8 |  8.0
Spellcasting   | 2 |  2.0
Poison Magic   | 1 |  1.0
Ice Magic      | 1 |  1.8
Fighting       | |  1.2
Dodging        | |  2.1

Action                   |  1- 3 |  4- 6 |  7- 9 || total
-------------------------+-------+-------+-------++-------
Melee: Unarmed           |    85 |   219 |    80 ||   384
       Kick              |    13 |     1 |       ||    14
       Headbutt          |     6 |    15 |     2 ||    23
       Punch             |     1 |     3 |     2 ||     6
 Fire: Hunting sling     |     4 |     3 |       ||     7
 Cast: Beastly Appendage |     4 |     2 |       ||     6
       Spider Form       |       |     7 |     7 ||    14
       Sticks to Snakes  |       |       |     2 ||     2
 Abil: End Transformatio |       |     1 |     1 ||     2
Evoke: Wand              |       |       |     1 ||     1
  Use: Scroll            |       |     7 |       ||     7
       Potion            |       |     1 |     1 ||     2
 Stab: Paralysed         |       |       |     6 ||     6
  Eat: Chunk             |     1 |    14 |     5 ||    20
       Ration            |       |       |     1 ||     1
Armor: Robe              |    18 |    26 |     1 ||    45
       Leather armour    |       |       |     3 ||     3
Dodge: Dodged            |    58 |   137 |    41 ||   236
Block: Other             |       |       |     8 ||     8
